 Dungeon Crawl Stone Soup version 0.27-a0-1273-gec92ba881d (webtiles) character file.

Game seed: 941027685022721775

867 ZappyNine the Poker (level 8, -15/40 HPs)
             Began as a Vine Stalker Warper on June 11, 2021.
             Demolished by a boulder beetle (22 damage)
             ... on level 6 of the Dungeon.
             The game lasted 00:08:44 (5172 turns).

ZappyNine the Poker (Vine Stalker Warper)           Turns: 5172, Time: 00:08:44

Health: -15/40     AC: 34    Str: 15    XL:     8   Next: 3%
Magic:  0/13       EV: 20    Int: 16    God:
Gold:   324        SH:  0    Dex: 15    Spells: 7/12 levels left

rFire    . . .     SeeInvis .   k - +2 halberd (vorpal)
rCold    . . .     Faith    .   (shield currently unavailable)
rNeg     . . .     Spirit   +   n - +14 plate armour of Nataj {Int+3}
rPois    .         Reflect  .   c - +1 hat
rElec    .         Harm     .   F - +1 cloak
rCorr    .         Rampage  .   y - +0 pair of gloves
Will     +....                  (no boots)
Stlth    ..........             f - amulet of the acrobat
HPRegen  1.13/turn              o - +4 ring of protection
MPRegen  0.13/turn              (no ring)

@: acrobatic
A: fangs 3, regeneration 1, magic shield, antimagic bite, no potion heal 2
a: no special abilities


You were on level 6 of the Dungeon.
You visited 1 branch of the dungeon, and saw 6 of its levels.

You collected 324 gold pieces.

Inventory:

Hand Weapons
 a - a +1 mace of venom
 k - a +2 vorpal halberd (weapon)
Missiles
 e - 5 boomerangs of dispersal (quivered)
 g - 7 curare-tipped darts
 i - 6 boomerangs
Armour
 b - a +0 leather armour
 c - a +1 hat (worn)
 n - the +14 plate armour of Nataj (worn) {Int+3}
   (You found it on level 4 of the Dungeon)

   It affects your intelligence (+3).
 y - a +0 pair of gloves (worn)
 F - a +1 cloak (worn)
Jewellery
 f - an amulet of the acrobat (around neck)
 o - a +4 ring of protection (left hand)
 r - a ring of see invisible
Wands
 h - a wand of mindburst (11)
 w - a wand of flame (32)
 E - a wand of paralysis (8)
Scrolls
 d - a scroll of blinking
 s - 2 scrolls of teleportation
 x - a scroll of amnesia {unknown}
 A - a scroll of identify
 C - a scroll of noise {unknown}
 D - a scroll of enchant weapon
Potions
 j - a potion of invisibility {unknown}
 l - a potion of might
 m - 2 potions of curing
 p - a potion of mutation
 q - 2 potions of attraction {unknown}
 t - 2 potions of resistance {unknown}
 u - a potion of flight {unknown}
 v - a potion of haste {unknown}
 z - a potion of lignification {unknown}
 B - 3 potions of heal wounds {unknown}


   Skills:
 - Level 3.2 Fighting
 - Level 3.3 Maces & Flails
 + Level 4.1 Polearms
 - Level 0.8 Throwing
 + Level 3.8 Armour
 - Level 2.2 Dodging
 - Level 2.9 Spellcasting
 - Level 3.5 Translocations


You had 7 spell levels left.
You knew the following spells:

 Your Spells              Type           Power      Damage    Failure   Level
a - Gell's Gravitas       Tloc           6%         N/A       100%        3
b - Blink                 Tloc           N/A        N/A       99%         2

Your spell library contained the following spells:

 Spells                   Type           Power      Damage    Failure   Level
 Beastly Appendage        Tmut           4%         N/A       100%        1
 Magic Dart               Conj           8%         1d3       100%        1
 Call Imp                 Summ           2%         N/A       100%        2
 Searing Ray              Conj           4%         3d3       100%        2
 Slow                     Hex            2%         N/A       100%        2
 Wereblood                Tmut           2%         N/A       100%        2
 Conjure Flame            Conj/Fire      2%         6-21      100%        3
 Dazzling Flash           Conj/Hex       4%         N/A       100%        3
 Lesser Beckoning         Tloc           6%         N/A       100%        3
 Mephitic Cloud           Conj/Pois/Air  2%         N/A       100%        3
 Spider Form              Tmut/Pois      1%         N/A       100%        3
 Teleport Other           Tloc           13%        N/A       100%        3
 Fulminant Prism          Conj/Hex       1%         3d6       100%        4
 Ice Form                 Ice/Tmut       2%         N/A       100%        4
 Iskenderun's Mystic Bla  Conj/Tloc      8%         2d4       100%        4
 Manifold Assault         Tloc           13%        N/A       100%        5


Dungeon Overview and Level Annotations

Branches:
Dungeon (6/15)
 Temple: D:4-7

Altars:
Vehumet

Shops:
D:1 =

Annotations:
D:4 2 transporters, jejorda2's ghost, amateur MfBe


Innate Abilities, Weirdness & Mutations

You have razor-sharp teeth.
Your natural rate of healing is unusually fast.
When hurt, damage is shared between your health and your magic reserves.
Your bite disrupts and absorbs the magic of your enemies.
Potions cannot restore your health.


Message History

The boulder beetle is lightly wounded.
The boulder beetle leaps!
The boulder beetle curls into a ball and begins rolling!
You reach to attack!
You puncture the boulder beetle!
The boulder beetle is moderately wounded.
The boulder beetle hits you!!!
Ouch! That really hurt!
* * * LOW HITPOINT WARNING * * *
The boulder beetle stops rolling and uncurls.
You are too injured to fight recklessly!
You are too injured to fight recklessly!
You are too injured to fight recklessly!
You are too injured to fight recklessly!
You are too injured to fight recklessly!
You are too injured to fight recklessly!
You are too injured to fight recklessly!
You are too injured to fight recklessly!
You are too injured to fight recklessly!
You are too injured to fight recklessly!
You are too injured to fight recklessly!
You are too injured to fight recklessly!
You are too injured to fight recklessly!
You are too injured to fight recklessly!
You are too injured to fight recklessly!
You are too injured to fight recklessly!
Unknown command.
The boulder beetle curls into a ball and begins rolling!
You have no ailments to cure.
Okay, then.
The boulder beetle closely misses you.
The boulder beetle stops rolling and uncurls.
The boulder beetle curls into a ball and begins rolling!
The boulder beetle hits you!!
* * * LOW HITPOINT WARNING * * *
The boulder beetle stops rolling and uncurls.
Unknown command.
The boulder beetle curls into a ball and begins rolling!
The boulder beetle hits you!!
Ouch! That really hurt!
You die...

.....## #........##
......## ##.......#
.......## ##.....##
........# #....##
........# #.°.##
........## #.°.#
.........# ##○.#
.........# #.B###
.(......## ###.@..###
.......<# ###...##...#
........###...######.#
.......###).### ###
.......#..###
.........## #......###
##...### ...###


You could see a boulder beetle (rolling).

Vanquished Creatures
  A phantom (D:6)
  A scorpion (D:5)
  A water moccasin skeleton (D:5)
  A howler monkey (D:5)
  A bullfrog zombie (D:5)
  2 orc priests
  A centaur skeleton (D:5)
  A bullfrog skeleton (D:2)
  4 orc wizards
  Ijyb (D:4)
  5 iguanas
  A hound zombie (D:5)
  4 gnolls (D:3)
  9 adders
  An ufetubus (D:5)
  2 worms (D:3)
  2 dart slugs
  17 orcs
  5 ball pythons
  6 bats
  10 endoplasms
  5 goblins
  A hobgoblin (D:3)
  6 jackals
  5 kobolds
  5 quokkas
  A frilled lizard (D:2)
  5 rats
104 creatures vanquished.

Notes
Turn   | Place    | Note
-------+----------+-------------------------------------------
     0 | D:1      | ZappyNine the Vine Stalker Warper began the quest for the
                  | Orb.
     0 | D:1      | Reached XP level 1. HP: 11/11 MP: 4/4
   279 | D:1      | Found a faded altar of an unknown god.
   351 | D:1      | Reached XP level 2. HP: 15/15 MP: 6/6
   360 | D:1      | Reached skill level 1 in Armour
   532 | D:1      | Found Upoury's Jewellery Boutique.
   877 | D:1      | Reached XP level 3. HP: 11/18 MP: 3/7
  2013 | D:2      | Gained mutation: Your natural rate of healing is unusually
                  | fast. [Vine Stalker growth]
  2013 | D:2      | Reached XP level 4. HP: 14/23 MP: 4/8
  2276 | D:3      | Identified a scroll of acquirement
  2276 | D:3      | Acquired a +1 hat
  2328 | D:3      | Learned a level 3 spell: Gell's Gravitas
  2331 | D:3      | Learned a level 2 spell: Blink
  2804 | D:3      | Reached XP level 5. HP: 27/27 MP: 10/10
  3106 | D:3      | Reached skill level 1 in Polearms
  3457 | D:3      | Reached skill level 2 in Polearms
  3457 | D:3      | Reached XP level 6. HP: 27/32 MP: 8/11
  3521 | D:4      | Identified the +14 plate armour of Nataj {Int+3}
  3565 | D:4      | Reached skill level 3 in Polearms
  3661 | D:4      | Identified the +5 dire flail "Xaeh" {venom, *Rage Str+3
                  | Int+3}
  3662 | D:4      | Noticed jejorda2's ghost (amateur MfBe)
  3663 | D:4      | Found a transporter.
  3667 | D:4      | Found a transporter.
  3740 | D:4      | Found a radiant altar of Vehumet.
  3759 | D:4      | Noticed Ijyb
  3918 | D:4      | Killed Ijyb
  4005 | D:4      | Found a radiant altar of Vehumet.
  4094 | D:5      | Entered Level 5 of the Dungeon
  4236 | D:5      | Reached XP level 7. HP: 36/36 MP: 12/12
  5139 | D:6      | Noticed a boulder beetle
  5141 | D:6      | Reached skill level 4 in Polearms
  5141 | D:6      | Gained mutation: You have razor-sharp teeth. [Vine Stalker
                  | growth]
  5141 | D:6      | Reached XP level 8. HP: 40/40 MP: 13/13
  5167 | D:6      | HP: 2/40 [boulder beetle (17)]
  5172 | D:6      | Demolished by a boulder beetle

Illustrated notes

Levels and vault maps discovered:
D:1:      dpeg_arrival_water_fire, layout_loops_ring,
          shapermc_ecumenical_altar_starsandcircs, serial_shops, shop
D:2:      layout_loops_ring
D:3:      layout_loops_ring
D:4:      layout_rooms, vehumet_altar_wand_db, gammafunk_ghost_smash,
          kennysheep_flooded_box, uniq_ijyb
D:5:      layout_basic, minmay_fractal_squares_5
D:6:      layout_cave_pods, nicolae_wu_jian_wuxing_cycle,
          kennysheep_vampire_church

Skill      XL: |  1  2  3  4  5  6  7 |
---------------+----------------------+-----
Armour         | 1 2 3 |  3.8
Maces & Flails | 2 3 |  3.3
Fighting       | 2 3 |  3.2
Dodging        | 2 |  2.2
Polearms       | 2 3 4 |  4.1
Throwing       | |  0.8
Spellcasting   | |  2.9
Translocations | |  3.5

Action                   |  1- 3 |  4- 6 |  7- 9 || total
-------------------------+-------+-------+-------++-------
Melee: Mace              |    84 |    72 |       ||   156
       Bite              |    19 |    33 |    26 ||    78
       Halberd           |       |    77 |   107 ||   184
 Cast: Gell's Gravitas   |       |     3 |       ||     3
  Use: Scroll            |       |     7 |     1 ||     8
       Potion            |       |     1 |     1 ||     2
 Stab: Sleeping          |     1 |       |       ||     1
Armor: Leather armour    |    21 |    39 |       ||    60
       Plate armour      |       |    36 |    93 ||   129
Dodge: Dodged            |    66 |    80 |    29 ||   175

Table legend: (Time is in decaauts)
 A = Elapsed time spent in this place.
 B = Non-inter-level travel time spent in this place.
 C = Inter-level travel time spent in this place.
 D = Time resting spent in this place.
 E = Time spent auto-exploring this place.
 F = Levels seen in this place.
 G = Mean time per level.
                   A        B        C        D        E       F      G
               +--------+--------+--------+--------+--------+-----+--------+
         Total |   5285 |   5101 |    184 |    702 |   3459 |   6 |  880.8 |
       Dungeon |   5285 |   5101 |    184 |    702 |   3459 |   6 |  880.8 |
               +--------+--------+--------+--------+--------+-----+--------+

Top non-repeatable levels by time:
     D:3: 1428 daAuts
     D:1: 1361 daAuts
     D:2: 892 daAuts
     D:5: 817 daAuts
     D:4: 482 daAuts
     D:6: 303 daAuts
